 Dungeon Sprint DCSS version 0.26-a0-651-gb41185065b (webtiles) character file.

Game seed: 17643411149017008832

50 sahdkjhfkaj the Transmogrifier (level 5, -2/33 HPs)
             Began as an Octopode Transmuter on Sept 28, 2020.
             Was an Initiate of Gozag.
             Killed from afar by a rime drake (18 damage)
             ... with a flash freeze
             ... in the Dungeon (Sprint VI: "Thunderdome").
             The game lasted 00:01:44 (300 turns).

sahdkjhfkaj the Transmogrifier (Octopode Transmuter) Turns: 300, Time: 00:01:44

Health: -2/33      AC:  1    Str: 11    XL:     5   Next: 57%
Magic:  8/8        EV: 13    Int: 15    God:    Gozag
Gold:   299        SH:  0    Dex: 12    Spells: 7/8 levels left

rFire    . . .     SeeInvis .     - Unarmed
rCold    . . .     Faith    .   (no shield)
rNeg     . . .     Spirit   .   (helmet restricted)
rPois    .         Reflect  .   (no amulet)
rElec    .         Harm     .   (no ring)
rCorr    .         Rampage  .   (no ring)
MR       .....     NoTele   +   (no ring)
Stlth    ++........             (no ring)
HPRegen  0.11/turn              (no ring)
MPRegen  0.11/turn              (no ring)
                                (no ring)
                                (no ring)

@: no status effects
A: almost no armour, stealthy swim, amphibious, 8 rings, constrict 8, camouflage
1, gelatinous body 1
a: Potion Petition, Call Merchant, Bribe Branch, Renounce Religion


You were in the Dungeon.
You worshipped Gozag.
Gozag was aware of your devotion.
You visited 1 branch You collected 838 gold pieces.
You spent 539 gold pieces at shops.

Inventory:

Wands
 a - a wand of acid (5)
 h - a wand of iceblast (3)
Scrolls
 g - 4 scrolls of blinking
 i - 3 scrolls of fog
Potions
 b - a potion of curing
 c - 2 potions of heal wounds
 d - 4 potions of haste
 e - 2 potions of magic
 f - a potion of berserk rage
 j - a potion of resistance


   Skills:
 - Level 1.0 Fighting
 - Level 2.0 Dodging
 + Level 7.0 Unarmed Combat
 - Level 2.0 Spellcasting
 * Level 9.2 Transmutations


You had 7 spell levels left.
You knew the following spells:

 Your Spells              Type           Power        Failure   Level
a - Beastly Appendage     Tmut           ####..       1%          1

Your spell library contained the following spells:

 Spells                   Type           Power        Failure   Level
 Wereblood                Tmut           ####....     1%          2
 Spider Form              Tmut/Pois      ###.......   10%         3
 Blade Hands              Tmut           ####......   14%         5
 Ice Form                 Ice/Tmut       ###.....     32%         4
 Leda's Liquefaction      Hex/Erth       #.........   91%         4
 Bolt of Magma            Conj/Fire/Erth #.........   99%         5
 Statue Form              Tmut/Erth      ###......    99%         6
 Iron Shot                Conj/Erth      #.........   100%        6
 Shatter                  Erth           #.........   100%        9


Dungeon Overview and Level Annotations

Branches:
Dungeon (1/1)

Altars:
Cheibriados
Dithmenos
Fedhas
Gozag
Kikubaaqudgha
Makhleb
Okawaru
Qazlal
Ru
Sif Muna
Uskayaw
Vehumet
Wu Jian
Xom
Yredelemnul
Zin
The Shining One
Beogh
Jiyva
Lugonu

Shops:
D *[???:(!!!!


Innate Abilities, Weirdness & Mutations

You cannot wear most types of armour.
You are very stealthy in the water. (Stealth+)
You are amphibious.
You can wear up to eight rings at the same time.
You can use your tentacles to constrict eight enemies at once.
Your skin changes colour to match your surroundings (Stealth+).
Your rubbery body absorbs attacks. (AC +1, EV +1)


Message History

Your transformation is almost over.
You now have 245 gold pieces (gained 72).
You now have 299 gold pieces (gained 54).
Your tentacle spike disappears.
You start resting.
Get ready!
You start resting.
ROUND 3!
FIGHT!
LIGHTNING ROUND!
You sense a tension in the south.
A rime drake comes into view.
The rime drake hisses angrily.
An ice beast and a simulacrum come into view.
There are monsters nearby!
There are monsters nearby!
There are monsters nearby!
The rime drake breathes ice at you. The flash freeze hits you!!
Ouch! That really hurt!
You die...
Your body crumbles into a pile of gold.

#_......._# #_......._#
#_......._#
###.........###
#⌠...........⌠#
######.8.........8.#####
##.___......###.......__∩
##∩........8.# #.8........
.........@...###..........
..........###...###.......
..........# #.<.# #.......
..........###...###.......
.............###..........
##∩........8.# #.8........
##∩___.k.Z..# #......_._∩
######Y8.........8.#####
#§...........⌠#


You could see a rime drake (catching breath), an ice beast (wandering) and a
jackal simulacrum.

Vanquished Creatures
  A killer bee (D)
  5 worker ants (D)
  2 worms (D)
  3 giant cockroaches (D)
11 creatures vanquished.

Notes
Turn   | Place    | Note
-------+----------+-------------------------------------------
     0 | D        | sahdkjhfkaj the Octopode Transmuter began the quest for the
                  | Orb.
     0 | D        | Reached XP level 1. HP: 13/13 MP: 3/3
     1 | D        | Found a shadowy altar of Dithmenos.
     1 | D        | Found a roughly hewn altar of Beogh.
     2 | D        | Found a corrupted altar of Lugonu.
     5 | D        | Found a snail-covered altar of Cheibriados.
     5 | D        | Found an ancient bone altar of Kikubaaqudgha.
     5 | D        | Round 1.
     6 | D        | Found a sacrificial altar of Ru.
     6 | D        | Found a hide-covered altar of Uskayaw.
     7 | D        | Noticed a killer bee
     9 | D        | Found a blossoming altar of Fedhas.
    10 | D        | Found an opulent altar of Gozag.
    10 | D        | Found a burning altar of Makhleb.
    12 | D        | Killed a killer bee
    12 | D        | Reached skill level 5 in Transmutations
    12 | D        | Reached XP level 2. HP: 18/18 MP: 5/5
    12 | D        | Reached XP level 3. HP: 23/23 MP: 6/6
    13 | D        | Found a stormy altar of Qazlal.
    13 | D        | Found a shimmering altar of Xom.
    14 | D        | Found Rauzxem's Distillery.
    14 | D        | Found Gickiap's Do-It-Yourself Clinic.
    15 | D        | Found Egacu's Distillery.
    15 | D        | Found Guvionkal's Bottled Wisdom.
    20 | D        | Became a worshipper of Gozag Ym Sagoz the Greedy
    34 | D        | Reached skill level 5 in Unarmed Combat
    34 | D        | Reached skill level 6 in Transmutations
    34 | D        | Reached XP level 4. HP: 13/28 MP: 5/7
    38 | D        | Reached skill level 7 in Transmutations
    55 | D        | Reached XP level 5. HP: 13/33 MP: 8/8
    63 | D        | Bought 4 potions of curing for 84 gold pieces
    91 | D        | Reached skill level 8 in Transmutations
    92 | D        | Arena points: 14 (+14) [x2]
    92 | D        | Reached skill level 9 in Transmutations
   100 | D        | Found a glowing golden altar of the Shining One.
   101 | D        | Found Aliul's Staff Store.
   102 | D        | Found a shimmering blue altar of Sif Muna.
   102 | D        | Found an iron altar of Okawaru.
   102 | D        | Found a basalt altar of Yredelemnul.
   102 | D        | Found Sasetac's Magic Scroll Shop.
   102 | D        | Found Nowaezib's Must-Have Magic.
   102 | D        | Found Seloath's Magic Scroll Shop.
   152 | D        | Round 2.
   233 | D        | Found an ornate altar of the Wu Jian Council.
   234 | D        | Found a glowing silver altar of Zin.
   235 | D        | Found a radiant altar of Vehumet.
   236 | D        | Found a viscous altar of Jiyva.
   236 | D        | Found Atuovox's Identification Station.
   237 | D        | Found Gedaakki's Jewellery.
   237 | D        | Found Wanloichio's Advanced Armour.
   265 | D        | Bought a book of the Earth for 455 gold pieces
   270 | D        | Arena points: 50 (+36) [x3]
   298 | D        | Round 3.
   298 | D        | Noticed a rime drake
   299 | D        | Noticed an ice beast
   300 | D        | Killed from afar by a rime drake

Illustrated notes

Levels and vault maps discovered:
D:        arena_sprint

Skill      XL: |  1  2  3  4  5 |
---------------+----------------+-----
Unarmed Combat | 4 5 6 7 |  7.0
Transmutations | 5 6 7 9 |  9.2
Fighting       | |  1.0
Dodging        | |  2.0
Spellcasting   | |  2.0

Action                   |  1- 3 |  4- 6 || total
-------------------------+-------+-------++-------
Melee: Unarmed           |     5 |    32 ||    37
       Tentacles         |     1 |     6 ||     7
       Kick              |     1 |    11 ||    12
       Constrict         |     1 |     8 ||     9
       Punch             |       |     3 ||     3
 Cast: Beastly Appendage |     1 |     2 ||     3
Evoke: Wand              |     2 |       ||     2
  Use: Potion            |       |     6 ||     6
Armor: Skin              |       |     2 ||     2
Dodge: Dodged            |     2 |    29 ||    31

Table legend: (Time is in decaauts)
 A = Elapsed time spent in this place.
 B = Non-inter-level travel time spent in this place.
 C = Inter-level travel time spent in this place.
 D = Time resting spent in this place.
 E = Time spent auto-exploring this place.
 F = Levels seen in this place.
 G = Mean time per level.
                   A        B        C        D        E       F      G
               +--------+--------+--------+--------+--------+-----+--------+
         Total |    296 |    296 |      0 |    143 |      0 |   1 |  296.0 |
       Dungeon |    296 |    296 |      0 |    143 |      0 |   1 |  296.0 |
               +--------+--------+--------+--------+--------+-----+--------+

Top non-repeatable levels by time:
       D: 296 daAuts
